 Dungeon Sprint DCSS version 0.27-a0-538-g15ff5c5295 (webtiles) character file.

Game seed: 10680458277383683369

2709 sahdkjhfkaj the Brawler (level 9, -5/80 HPs)
             Began as a Troll Monk on Mar 6, 2021.
             Was the Champion of Cheibriados.
             Slain by a snapping turtle (27 damage)
             ... in the Dungeon (Sprint VII: "The Pits").
             The game lasted 00:01:34 (411 turns).

sahdkjhfkaj the Brawler (Troll Monk)                 Turns: 411, Time: 00:01:35

Health: -5/80      AC:  5    Str: 39    XL:     9   Next: 39%
Magic:  8/8        EV: 14    Int: 24    God:    Cheibriados [******]
Gold:   0          SH:  0    Dex: 27    Spells: 8/8 levels left

rFire    . . .     SeeInvis .     - Unarmed
rCold    . . .     Faith    .   (no shield)
rNeg     . . .     Spirit   .   a - +0 robe
rPois    .         Reflect  .   (helmet restricted)
rElec    .         Harm     .   p - +0 cloak
rCorr    .         Rampage  .   (gloves unavailable)
Will     .....     NoTele   +   (boots unavailable)
Stlth    ++........             (no amulet)
HPRegen  1.23/turn              k - +3 ring of evasion
MPRegen  0.11/turn              m - +3 ring of intelligence

@: very slow
A: large, unfitting armour, claws 3, regeneration 1, shaggy fur 1, tough skin 1
a: Renounce Religion, Bend Time, Temporal Distortion, Slouch, Step From Time


You were in the Dungeon.
You worshipped Cheibriados.
Cheibriados was exalted by your worship.
You visited 1 branch

Inventory:

Armour
 a - a +0 robe (worn)
 p - a +0 cloak (worn)
Jewellery
 k - a +3 ring of evasion (left claw)
 m - a +3 ring of intelligence (right claw)
Wands
 q - a wand of flame (13)
Scrolls
 g - a scroll of blinking
 i - 5 scrolls of amnesia
 j - a scroll of summoning
Potions
 b - 8 potions of curing
 c - 12 potions of heal wounds
 d - a potion of haste
 e - 4 potions of magic
 f - 3 potions of berserk rage
 h - 2 potions of invisibility
 l - a potion of mutation
 n - a potion of brilliance
 o - a potion of might


   Skills:
 - Level 2.4 Fighting
 - Level 2.4 Dodging
 - Level 1.0 Stealth
 + Level 19.9 Unarmed Combat


You had 8 spell levels left.
You didn't know any spells.
Your spell library was empty.

Dungeon Overview and Level Annotations

Branches:
Dungeon (1/1)

Altars:
Ashenzari
Cheibriados
Dithmenos
Elyvilon
Fedhas
Gozag
Hepliaklqana
Kikubaaqudgha
Makhleb
Nemelex Xobeh
Okawaru
Qazlal
Ru
Sif Muna
Trog
Uskayaw
Vehumet
Wu Jian
Xom
Yredelemnul
Zin
The Shining One
Beogh
Jiyva
Lugonu


Innate Abilities, Weirdness & Mutations

You are too large for most types of armour.
You have claws for hands.
Your natural rate of healing is unusually fast.
You are covered in fur. (AC +1)
You have tough skin. (AC +1)


Message History

You kill the spriggan!
Cheibriados thoroughly appreciates the change of pace.
You scratch the ufetubus.
The ufetubus is lightly wounded.
The ufetubus hits you but does no damage.
The ufetubus misses you.
You miss the ufetubus.
The ufetubus is lightly wounded.
The ufetubus hits you but does no damage.
The ufetubus closely misses you.
You closely miss the ufetubus.
The ufetubus is lightly wounded.
You barely miss the ufetubus. Your claw misses the ufetubus.
The ufetubus is lightly wounded.
The ufetubus misses you.
The ufetubus hits you but does no damage.
You mangle the ufetubus!!
You kill the ufetubus!
Cheibriados thoroughly appreciates the change of pace.
q - a wand of flame (13)
There is an open door, spattered with blood here.
Items here: )) [[.
A snapping turtle comes into view.
A kobold brigand comes into view. It is quivering poisoned darts.
The snapping turtle hisses angrily.
You hear a shout! x2
A jelly comes into view.
The snapping turtle closely misses you.
A kobold demonologist comes into view. It is wielding a +0 dagger.
The snapping turtle bites you!!
The kobold brigand hits you but does no damage.
The snapping turtle bites you!
* * * LOW HITPOINT WARNING * * *
The kobold demonologist shouts!
You scratch the snapping turtle but do no damage.
The kobold brigand hits you.
* * * LOW HITPOINT WARNING * * *
You completely miss the snapping turtle.
A kobold demonologist comes into view. It is wielding a +0 dagger.
The snapping turtle bites you!!
You die...

..#......# .........+
.........+ ..#......#
.........# ##''######
##''################
##..#............K.##
##..##..........@tK.#
##..####...#)######..K#
##..#..#####.## ##
##..#....##...#
##..'.....#...#
##..(.....'...+
##..†.....#...#
##..#....##...#
##..#..#####.##


You could see a snapping turtle, 2 kobold demonologists and a kobold brigand.

Vanquished Creatures
  A cyclops (D)
  A polar bear (D)
  A tyrant leech (D)
  4 blink frogs (D)
  A spriggan (D)
  A water moccasin (D)
  A black bear (D)
  An ogre (D)
  A centaur (D)
  Blork the orc (D)
  2 bullfrogs (D)
  6 killer bees (D)
  4 wights (D)
  A hound (D)
  A worker ant (D)
  An adder (D)
  An ufetubus (D)
  An ooze (D)
  A worm (D)
  3 orcs (D)
  A ball python (D)
  A bat zombie (D)
  A goblin (D)
  A bat (D)
  A jackal skeleton (D)
39 creatures vanquished.

Notes
Turn   | Place    | Note
-------+----------+-------------------------------------------
     0 | D        | sahdkjhfkaj the Troll Monk began the quest for the Orb.
     0 | D        | Reached XP level 1. HP: 22/22 MP: 0/0
    14 | D        | Found a bloodstained altar of Trog.
    14 | D        | Found a shimmering blue altar of Sif Muna.
    14 | D        | Found a viscous altar of Jiyva.
    14 | D        | Found a hazy altar of Hepliaklqana.
    14 | D        | Found an opulent altar of Gozag.
    15 | D        | Found a glowing golden altar of the Shining One.
    15 | D        | Found a glowing silver altar of Zin.
    15 | D        | Found a basalt altar of Yredelemnul.
    15 | D        | Found a shimmering altar of Xom.
    15 | D        | Found an ornate altar of the Wu Jian Council.
    15 | D        | Found a sacrificial altar of Ru.
    15 | D        | Found a stormy altar of Qazlal.
    15 | D        | Found an iron altar of Okawaru.
    15 | D        | Found a sparkling altar of Nemelex Xobeh.
    15 | D        | Found a burning altar of Makhleb.
    15 | D        | Found a blossoming altar of Fedhas.
    15 | D        | Found a white marble altar of Elyvilon.
    15 | D        | Found a shadowy altar of Dithmenos.
    15 | D        | Found a snail-covered altar of Cheibriados.
    16 | D        | Found a radiant altar of Vehumet.
    16 | D        | Found a corrupted altar of Lugonu.
    17 | D        | Found an ancient bone altar of Kikubaaqudgha.
    17 | D        | Found a hide-covered altar of Uskayaw.
    17 | D        | Found a broken altar of Ashenzari.
    26 | D        | Became a worshipper of Cheibriados the Contemplative
    26 | D        | Reached * piety under Cheibriados
    26 | D        | Reached ** piety under Cheibriados
    60 | D        | Reached skill level 4 in Unarmed Combat
    72 | D        | Reached *** piety under Cheibriados
    73 | D        | Reached skill level 5 in Unarmed Combat
    73 | D        | Reached XP level 2. HP: 29/29 MP: 1/1
    79 | D        | Reached skill level 7 in Unarmed Combat
    79 | D        | Reached XP level 3. HP: 25/36 MP: 2/2
    80 | D        | Reached **** piety under Cheibriados
    83 | D        | Reached skill level 8 in Unarmed Combat
    83 | D        | Reached XP level 4. HP: 35/44 MP: 3/3
   124 | D        | Noticed a centaur
   124 | D        | Noticed an ogre
   131 | D        | Killed a centaur
   131 | D        | Reached ***** piety under Cheibriados
   132 | D        | Reached skill level 10 in Unarmed Combat
   132 | D        | Reached XP level 5. HP: 14/50 MP: 4/4
   144 | D        | Killed an ogre
   145 | D        | Reached skill level 12 in Unarmed Combat
   159 | D        | Noticed a water moccasin
   165 | D        | Killed a water moccasin
   166 | D        | Reached skill level 13 in Unarmed Combat
   166 | D        | Reached XP level 6. HP: 48/59 MP: 5/5
   170 | D        | Reached ****** piety under Cheibriados
   171 | D        | Reached skill level 14 in Unarmed Combat
   172 | D        | Noticed a tyrant leech
   182 | D        | Reached XP level 7. HP: 30/66 MP: 6/6
   190 | D        | Killed a tyrant leech
   191 | D        | Reached skill level 15 in Unarmed Combat
   192 | D        | Reached skill level 16 in Unarmed Combat
   204 | D        | Reached XP level 8. HP: 53/74 MP: 7/7
   317 | D        | Noticed a cyclops
   317 | D        | Noticed a blink frog
   317 | D        | Noticed a blink frog
   317 | D        | Noticed a blink frog
   317 | D        | Noticed a blink frog
   319 | D        | Killed a blink frog
   320 | D        | Reached skill level 17 in Unarmed Combat
   324 | D        | Killed a blink frog
   328 | D        | Killed a cyclops
   329 | D        | Reached skill level 18 in Unarmed Combat
   334 | D        | Killed a blink frog
   335 | D        | Reached XP level 9. HP: 45/80 MP: 8/8
   353 | D        | Reached skill level 19 in Unarmed Combat
   383 | D        | Noticed Blork the orc
   384 | D        | Noticed a polar bear
   391 | D        | Killed Blork the orc
   395 | D        | Killed a polar bear
   409 | D        | Noticed a kobold demonologist
   411 | D        | Noticed a kobold demonologist
   411 | D        | Slain by a snapping turtle

Illustrated notes

Levels and vault maps discovered:
D:        pitsprint [storerooms_1, entrance_room_1, metal_vault_1, armoury_2,
          mini_pit_1, grid_room_1, main_hall_1, silver_pit, the_coven_2,
          the_vestibule_1, steel_vault_1, golden_pit, hallway_of_sentries,
          crystal_vault_4, iron_vault_4, final_vault]

Skill      XL: |  1  2  3  4  5  6  7  8  9 |
---------------+----------------------------+-----
Unarmed Combat | 5 7 8 10 13 14 16 18 19 | 19.9
Fighting       | |  2.4
Dodging        | |  2.4
Stealth        | |  1.0

Action                   |  1- 3 |  4- 6 |  7- 9 || total
-------------------------+-------+-------+-------++-------
Melee: Unarmed           |    15 |    19 |    56 ||    90
       Punch             |     1 |     4 |     7 ||    12
 Stab: Sleeping          |     2 |     1 |     1 ||     4
Armor: Robe              |    10 |     4 |    14 ||    28
Dodge: Dodged            |    15 |    17 |    58 ||    90

Table legend: (Time is in decaauts)
 A = Elapsed time spent in this place.
 B = Non-inter-level travel time spent in this place.
 C = Inter-level travel time spent in this place.
 D = Time resting spent in this place.
 E = Time spent auto-exploring this place.
 F = Levels seen in this place.
 G = Mean time per level.
                   A        B        C        D        E       F      G
               +--------+--------+--------+--------+--------+-----+--------+
         Total |    598 |    456 |    142 |     14 |      0 |   1 |  598.0 |
       Dungeon |    598 |    456 |    142 |     14 |      0 |   1 |  598.0 |
               +--------+--------+--------+--------+--------+-----+--------+

Top non-repeatable levels by time:
       D: 598 daAuts
